[Event "ICC tourney 2361 (30 5)"]
[Site "Internet Chess Club"]
[Date "2021.01.31"]
[Round "3"]
[White "anayvarma"]
[Black "rishatag"]
[Result "0-1"]
[ICCResult "White checkmated"]
[WhiteElo "877"]
[BlackElo "535"]
[Opening "Giuoco Pianissimo"]
[ECO "C50"]
[NIC "IG.02"]
[Time "14:00:21"]
[PlyCount "66"]
[TimeControl "1800+5"]

1. e4 e5 2. Nf3 Nc6 3. Bc4 Bc5 4. d3 d6 5. Bg5 Nf6 6. h3 h6 7. Bh4 g5 8.
Bg3 Be6 9. Bxe6 fxe6 10. h4 g4 11. Nh2 Rg8 12. f3 gxf3 13. Nxf3 Rxg3 14. h5
Rxg2 15. Kf1 Rg8 16. Nh4 Ng4 17. Ng6 Ne3+ 18. Ke1 Nxd1 19. Kxd1 Qf6 20. Nd2
O-O-O 21. Rf1 Qg5 22. Nf3 Qxh5 23. Rg1 Qxf3+ 24. Kd2 Bxg1 25. Rxg1 Qf2+ 26.
Kc3 Qxg1 27. d4 Rxg6 28. dxe5 Nxe5 29. b4 Rg3+ 30. Kb2 Qd4+ 31. c3 Qxc3+
32. Kb1 Rg2 33. b5 Qb2# { White checkmated } 0-1

[Event "ICC tourney 2361 (30 5)"]
[Site "Internet Chess Club"]
[Date "2021.01.31"]
[Round "3"]
[White "Ved166"]
[Black "LukasNH"]
[Result "1-0"]
[ICCResult "Black checkmated"]
[WhiteElo "958"]
[BlackElo "685"]
[Opening "French defense"]
[ECO "C00"]
[NIC "FR.01"]
[Time "14:00:22"]
[PlyCount "53"]
[TimeControl "1800+5"]

1. e4 e6 2. Nf3 d5 3. exd5 Qxd5 4. Nc3 Qc6 5. Bb5 Qxb5 6. Nxb5 Kd8 7. Qe2
c6 8. Nc3 Bb4 9. Qd3+ Bd7 10. Ne5 Ke8 11. Nxd7 Nxd7 12. a3 Bc5 13. O-O Ngf6
14. Qe2 Rd8 15. b4 Bd4 16. Bb2 Nd5 17. Nxd5 Bxb2 18. Nc7+ Ke7 19. Rab1 Be5
20. f4 Bxc7 21. f5 Kf8 22. fxe6 Ne5 23. exf7 Nxf7 24. Qe6 Rd7 25. Qxd7
Bxh2+ 26. Kxh2 g6 27. Qxf7# { Black checkmated } 1-0

[Event "ICC tourney 2361 (30 5)"]
[Site "Internet Chess Club"]
[Date "2021.01.31"]
[Round "3"]
[White "AidenKennedy528"]
[Black "reallopsidedhaw"]
[Result "1-0"]
[ICCResult "Black checkmated"]
[WhiteElo "986"]
[BlackElo "828"]
[Opening "Vienna game"]
[ECO "C25"]
[NIC "VG.04"]
[Time "14:00:42"]
[PlyCount "43"]
[TimeControl "1800+5"]

1. e4 e5 2. Nc3 Bc5 3. Bc4 Nf6 4. f4 Nc6 5. Bb3 d6 6. Nf3 O-O 7. d3 Bg4 8.
h3 Be6 9. f5 Bd7 10. Bg5 h6 11. Bh4 Nb4 12. a3 Nc6 13. Nd5 Bb6 14. Nxf6+
gxf6 15. Qd2 Kh7 16. Bg3 Rg8 17. Bh2 Rg7 18. h4 Qg8 19. Ng5+ fxg5 20. hxg5
Rxg5 21. Bg1 Rxg2 22. Qxh6# { Black checkmated } 1-0

[Event "ICC tourney 2361 (30 5)"]
[Site "Internet Chess Club"]
[Date "2021.01.31"]
[Round "3"]
[White "ReadyPlayer1"]
[Black "IGMin2023"]
[Result "1-0"]
[ICCResult "Black checkmated"]
[WhiteElo "650"]
[BlackElo "956"]
[Opening "Queen's bishop game"]
[ECO "D00"]
[NIC "QP.08"]
[Time "14:00:19"]
[PlyCount "91"]
[TimeControl "1800+5"]

1. d4 d5 2. Bf4 Nf6 3. Nf3 e6 4. e3 b6 5. Bd3 c5 6. Nc3 Nc6 7. Nb5 c4 8.
Be2 Bb7 9. Nc7+ Kd7 10. Nxa8 Bxa8 11. Ne5+ Nxe5 12. Bxe5 Qe7 13. Bxf6 gxf6
14. c3 e5 15. Qa4+ Kd8 16. Bg4 Rg8 17. h3 Qc7 18. O-O Bc6 19. Qa6 exd4 20.
exd4 b5 21. b4 Bd6 22. Kh1 Bd7 23. Bh5 Bc8 24. Qa3 Qd7 25. Qc1 f5 26. Qh6
Rh8 27. Qf6+ Be7 28. Qxh8+ Kc7 29. Qxh7 f4 30. Qxf7 f3 31. Bxf3 Kc6 32. Bg4
Qc7 33. Bxc8 Qxc8 34. Qxe7 Kb6 35. Qc5+ Kb7 36. Qxc8+ Kxc8 37. Rfe1 Kc7 38.
Re6 Kb7 39. Rae1 Kc7 40. Re7+ Kd8 41. Re8+ Kd7 42. R1e7+ Kd6 43. Re6+ Kd7
44. R8e7+ Kd8 45. Rxa7 Kc8 46. Re8# { Black checkmated } 1-0

[Event "ICC tourney 2361 (30 5)"]
[Site "Internet Chess Club"]
[Date "2021.01.31"]
[Round "3"]
[White "purplepinkcat12"]
[Black "Wolfwalker33"]
[Result "1-0"]
[ICCResult "Black checkmated"]
[WhiteElo "610"]
[BlackElo "894"]
[Opening "Sicilian: dragon, classical, Richter variation"]
[ECO "B73"]
[NIC "SI.33"]
[Time "14:00:38"]
[PlyCount "61"]
[TimeControl "1800+5"]

1. e4 c5 2. Nf3 Nc6 3. d4 cxd4 4. Nxd4 g6 5. Be3 Bg7 6. Nc3 Nf6 7. Be2 O-O
8. O-O d6 9. Qd2 Ng4 10. Bxg4 Bxg4 11. Nxc6 bxc6 12. h3 Bd7 13. Bh6 Rb8 14.
Rab1 Re8 15. Bxg7 Kxg7 16. f4 Qb6+ 17. Kh1 Qb7 18. Rf3 d5 19. f5 dxe4 20.
Nxe4 Bxf5 21. Qe3 c5 22. Rxf5 gxf5 23. Qg3+ Kh8 24. Ng5 Qd5 25. Qh4 Kg7 26.
Qxh7+ Kf6 27. Qh6+ Ke5 28. Re1+ Kd4 29. Qh4+ Qe4 30. Rxe4+ fxe4 31. Qxe4# {
Black checkmated } 1-0

[Event "ICC tourney 2361 (30 5)"]
[Site "Internet Chess Club"]
[Date "2021.01.31"]
[Round "3"]
[White "JWest139"]
[Black "vincentyu"]
[Result "0-1"]
[ICCResult "White checkmated"]
[WhiteElo "973"]
[BlackElo "199"]
[Opening "Sicilian, Chekhover variation"]
[ECO "B53"]
[NIC "SI.02"]
[Time "14:01:12"]
[PlyCount "74"]
[TimeControl "1800+5"]

1. e4 c5 2. Nf3 d6 3. d4 cxd4 4. Qxd4 Nc6 5. Bb5 e5 6. Qd5 Be6 7. Bxc6+
bxc6 8. Qxc6+ Bd7 9. Qd5 Nf6 10. Qd3 Be7 11. O-O O-O 12. Bg5 Rb8 13. Bxf6
Bxf6 14. Qa3 Be7 15. b3 d5 16. Qxa7 Ra8 17. Qe3 d4 18. Qd3 Rc8 19. c3 dxc3
20. Nxc3 Bb4 21. Nd5 Be6 22. a3 Bc3 23. Nxc3 Qxd3 24. Na4 Qxe4 25. Rfb1 Bg4
26. Nb6 Rc6 27. Nc4 Bxf3 28. gxf3 Qxf3 29. Nxe5 Qd5 30. Nxc6 Qxc6 31. b4
Qg6+ 32. Kf1 Re8 33. Rc1 Qd3+ 34. Kg2 Qg6+ 35. Kf1 Qh6 36. a4 Qxh2 37. b5
Qh1# { White checkmated } 0-1

[Event "ICC tourney 2361 (30 5)"]
[Site "Internet Chess Club"]
[Date "2021.01.31"]
[Round "3"]
[White "daveym"]
[Black "PS33ChessNinja"]
[Result "0-1"]
[ICCResult "White checkmated"]
[WhiteElo "827"]
[BlackElo "681"]
[Opening "Bird's opening"]
[ECO "A02"]
[NIC "VO.07"]
[Time "14:00:28"]
[PlyCount "56"]
[TimeControl "1800+5"]

1. f4 Nf6 2. Nf3 e6 3. Nc3 Nc6 4. e4 d5 5. exd5 exd5 6. Be2 d4 7. Nb1 Bd6
8. c3 O-O 9. cxd4 Bxf4 10. b3 Nxd4 11. Bb2 Nxe2 12. Qxe2 Re8 13. Be5 Bxe5
14. Nxe5 Qd5 15. O-O Rxe5 16. Qf2 Rf5 17. Qe3 Rxf1+ 18. Kxf1 Qd6 19. Nc3
Qxh2 20. Nd5 Qh1+ 21. Kf2 Qxa1 22. Ne7+ Kf8 23. Nd5 Nxd5 24. Qc5+ Ne7 25.
Qxc7 Qd4+ 26. Kf1 Bf5 27. Qxb7 Bd3+ 28. Ke1 Qg1# { White checkmated } 0-1

[Event "ICC tourney 2361 (30 5)"]
[Site "Internet Chess Club"]
[Date "2021.01.31"]
[Round "3"]
[White "dmenon25"]
[Black "AtmanDev"]
[Result "1-0"]
[ICCResult "Black checkmated"]
[WhiteElo "926"]
[BlackElo "704"]
[Opening "Sicilian: Alapin's variation (2.c3)"]
[ECO "B22"]
[NIC "SI.46"]
[Time "14:00:31"]
[PlyCount "63"]
[TimeControl "1800+5"]

1. e4 c5 2. c3 Nc6 3. d4 cxd4 4. cxd4 d6 5. Nf3 Bg4 6. Bb5 a6 7. Be2 Bxf3
8. Bxf3 g6 9. Nc3 Nf6 10. Bf4 Bg7 11. Qd2 O-O 12. d5 Ne5 13. Be2 Qd7 14.
Bh6 e6 15. Bxg7 Kxg7 16. O-O exd5 17. exd5 Rac8 18. Rac1 Qf5 19. h3 Nc4 20.
Bxc4 Rxc4 21. Ne2 Rh4 22. Rfd1 Rxh3 23. gxh3 Qxh3 24. Qe3 Qg4+ 25. Ng3 Qh3
26. Rc7 Ng4 27. Nf5+ gxf5 28. Qxh3 Nf6 29. Qxf5 Re8 30. Qg5+ Kf8 31. Qxf6
Re7 32. Qh8# { Black checkmated } 1-0

[Event "ICC tourney 2361 (30 5)"]
[Site "Internet Chess Club"]
[Date "2021.01.31"]
[Round "3"]
[White "Judebestgm"]
[Black "RainbowQueen"]
[Result "0-1"]
[ICCResult "White checkmated"]
[WhiteElo "644"]
[BlackElo "926"]
[Opening "Four knights: Spanish, classical defense"]
[ECO "C48"]
[NIC "KP.03"]
[Time "14:00:19"]
[PlyCount "122"]
[TimeControl "1800+5"]

1. e4 e5 2. Nf3 Nc6 3. Nc3 Nf6 4. Bb5 Bc5 5. Nxe5 Nxe5 6. d4 Bd6 7. dxe5
Bxe5 8. O-O Bxc3 9. bxc3 O-O 10. Bg5 a6 11. Ba4 d6 12. f4 b5 13. Bb3 Bb7
14. e5 c5 15. a3 dxe5 16. Qxd8 Raxd8 17. fxe5 c4 18. Ba2 Rd5 19. Bxf6 gxf6
20. exf6 Rg5 21. g3 Rh5 22. a4 Re8 23. axb5 axb5 24. Rab1 Bc6 25. Rb4 Re2
26. Rf2 Re6 27. Kf1 Rh6 28. Bxc4 bxc4 29. Rxc4 Bd7 30. Rcf4 Bb5+ 31. Kg1
Re1+ 32. Kg2 Bc6+ 33. R2f3 Bxf3+ 34. Rxf3 Re2+ 35. Kf1 Rxc2 36. Ke1 Rhxh2
37. Rd3 Rc1+ 38. Rd1 Rxd1+ 39. Kxd1 Rh3 40. c4 Rxg3 41. Kd2 Kf8 42. c5 Ke8
43. c6 Kd8 44. Ke2 Kc7 45. Kf2 Ra3 46. Ke2 Kxc6 47. Kf2 Kd5 48. Ke2 Rg3 49.
Kf2 Rg8 50. Kf3 h5 51. Kf4 h4 52. Kf5 h3 53. Kf4 h2 54. Kf5 h1=Q 55. Kf4
Qf1+ 56. Ke3 Re8+ 57. Kd2 Kc6 58. Kc3 Kd6 59. Kb3 Rc8 60. Kb4 Qb1+ 61. Ka4
Ra8# { White checkmated } 0-1

[Event "ICC tourney 2361 (30 5)"]
[Site "Internet Chess Club"]
[Date "2021.01.31"]
[Round "3"]
[White "maadhavd"]
[Black "johnfza"]
[Result "0-1"]
[ICCResult "White checkmated"]
[WhiteElo "469"]
[BlackElo "898"]
[Opening "Sicilian defense"]
[ECO "B32"]
[NIC "SI.31"]
[Time "14:00:27"]
[PlyCount "144"]
[TimeControl "1800+5"]

1. e4 c5 2. Nf3 Nc6 3. d4 e6 4. Bb5 a6 5. Bxc6 bxc6 6. O-O d5 7. exd5 cxd5
8. c3 Nf6 9. Bf4 cxd4 10. cxd4 Be7 11. Nbd2 O-O 12. Rc1 Re8 13. Ne5 Qd6 14.
Rc6 Qb4 15. Nb3 Bb7 16. a3 Qb5 17. Rc3 Ne4 18. Rd3 Rac8 19. f3 Nd6 20. Nc5
Bc6 21. Rb3 Qc4 22. Nxc4 dxc4 23. Rb6 Nf5 24. Rxc6 Rxc6 25. Qa4 Rcc8 26.
Bc7 Nxd4 27. Nd7 Rxc7 28. Nf6+ gxf6 29. Qxe8+ Kg7 30. Qb8 Bd6 31. Qe8 Re7
32. Qa4 Bc5 33. Kh1 Rb7 34. Qxa6 Rxb2 35. Qxc4 Rc2 36. Qxc2 Nxc2 37. Rc1
Bxa3 38. Rxc2 e5 39. h4 Kh6 40. g4 Bb4 41. Rc6 Kg6 42. h5+ Kg5 43. Rc8 Kf4
44. Kg2 Be1 45. Rf8 Bh4 46. Rxf7 h6 47. Rc7 f5 48. Rc4+ e4 49. Kh3 Bf2 50.
gxf5 Kxf5 51. Rxe4 Kg5 52. Kg2 Bh4 53. Rg4+ Kxh5 54. Kh3 Bf6 55. f4 Be7 56.
f5 Bd8 57. Rf4 Kg5 58. Rf1 h5 59. Rd1 Bf6 60. Rd5 Kf4 61. Rb5 Kg5 62. Kg3
h4+ 63. Kf3 Kh5 64. Kf4 Bg5+ 65. Ke5 h3 66. Ke6 h2 67. Rb8 h1=Q 68. Rh8+
Bh6 69. f6 Qc6+ 70. Kf7 Qd7+ 71. Kg8 Qe8+ 72. Kh7 Qf7# { White checkmated }
0-1

[Event "ICC tourney 2361 (30 5)"]
[Site "Internet Chess Club"]
[Date "2021.01.31"]
[Round "3"]
[White "antonk2012"]
[Black "August2012"]
[Result "1-0"]
[ICCResult "Black checkmated"]
[WhiteElo "727"]
[BlackElo "930"]
[Opening "King's pawn game"]
[ECO "C44"]
[NIC "KP.10"]
[Time "14:00:30"]
[PlyCount "125"]
[TimeControl "1800+5"]

1. e4 e5 2. Nf3 Nc6 3. a3 Bc5 4. Nxe5 Nxe5 5. d4 Bd6 6. dxe5 Bxe5 7. Bc4
Nf6 8. Qe2 O-O 9. c3 d6 10. Bg5 h6 11. Bh4 Be6 12. Bxe6 fxe6 13. O-O Qd7
14. f4 Bxc3 15. Nxc3 Rae8 16. Rad1 e5 17. fxe5 Rxe5 18. Bxf6 gxf6 19. Nd5
f5 20. Rd4 Qc6 21. h3 Qc5 22. Qe3 c6 23. Nf4 Rxe4 24. Qg3+ Kf7 25. Qg6+ Ke7
26. Qg7+ Ke8 27. Rd1 Rxf4 28. Re1+ Re4 29. Rxe4+ fxe4 30. Kh2 Qe5+ 31.
Qxe5+ dxe5 32. Rxe4 Rf5 33. g4 Rg5 34. h4 Rg7 35. Rxe5+ Re7 36. Rxe7+ Kxe7
37. g5 h5 38. Kg3 Kf7 39. Kf4 Kg6 40. Ke5 a5 41. b4 b6 42. Kd6 Kf5 43. Kxc6
Kg4 44. g6 Kxh4 45. g7 axb4 46. axb4 Kg5 47. g8=Q+ Kh6 48. Kd5 h4 49. Qe6+
Kg5 50. Qxb6 h3 51. Qd8+ Kg4 52. Qg8+ Kf3 53. Qg1 Kf4 54. b5 Kf3 55. b6 Kf4
56. b7 Kf3 57. b8=Q h2 58. Qf8+ Ke2 59. Qff2+ Kd3 60. Qd1+ Kc3 61. Qfc2+
Kb4 62. Qdb1+ Ka3 63. Qca2# { Black checkmated } 1-0

[Event "ICC tourney 2361 (30 5)"]
[Site "Internet Chess Club"]
[Date "2021.01.31"]
[Round "3"]
[White "elliephuy"]
[Black "Rosey9"]
[Result "1-0"]
[ICCResult "Black checkmated"]
[WhiteElo "942"]
[BlackElo "390"]
[Opening "Sicilian: closed, 2...Nc6"]
[ECO "B23"]
[NIC "SI.44"]
[Time "14:00:19"]
[PlyCount "95"]
[TimeControl "1800+5"]

1. e4 c5 2. Nc3 Nc6 3. Bc4 g6 4. Nf3 Bg7 5. O-O d6 6. d3 Nf6 7. h3 O-O 8.
Be3 Bd7 9. Qd2 a6 10. Nd5 e6 11. Nxf6+ Qxf6 12. c3 Qd8 13. Bh6 b5 14. Bb3
Qc7 15. a3 Rad8 16. Qe3 Rfe8 17. Rae1 Bc8 18. Bxg7 Kxg7 19. Nh2 Bb7 20. f4
a5 21. Qg3 Qb6 22. Kh1 Kh8 23. Qg5 Kg7 24. Ng4 Kf8 25. Qh6+ Ke7 26. Qxh7
Rg8 27. Nh6 Rgf8 28. f5 gxf5 29. exf5 Ke8 30. Bxe6 f6 31. Bc8+ Ne5 32. Qg6+
Ke7 33. Rf2 Rxc8 34. Rfe2 Kd7 35. Qg7+ Ke8 36. Ng4 Rf7 37. Nxf6+ Ke7 38.
Rxe5+ dxe5 39. Rxe5+ Kd8 40. Qxf7 Qc6 41. Re8+ Qxe8 42. Qxe8+ Kc7 43. Qe7+
Kb8 44. Nd7+ Ka7 45. Nxc5 Rb8 46. Qc7 Ka8 47. Qxa5+ Ba6 48. Qxa6# { Black
checkmated } 1-0

[Event "ICC tourney 2361 (30 5)"]
[Site "Internet Chess Club"]
[Date "2021.01.31"]
[Round "4"]
[White "maadhavd"]
[Black "ivanachan"]
[Result "1-0"]
[ICCResult "Black checkmated"]
[WhiteElo "469"]
[BlackElo "765"]
[Opening "Two knights defense (Modern bishop's opening)"]
[ECO "C55"]
[NIC "IG.01"]
[Time "16:01:04"]
[PlyCount "75"]
[TimeControl "1800+5"]

1. e4 e5 2. Nf3 Nc6 3. Bc4 Nf6 4. d3 Be7 5. O-O Bc5 6. Nc3 O-O 7. Be3 Bxe3
8. fxe3 d6 9. h3 Nh5 10. Kh2 Qf6 11. Nd2 Qg6 12. Nd5 Qg3+ 13. Kh1 Re8 14.
Qf3 Qxf3 15. Rxf3 Re6 16. Nxc7 Rg6 17. Bxf7+ Kh8 18. Bxg6 hxg6 19. Nxa8 Nb4
20. Rf8+ Kh7 21. Rxc8 Ng3+ 22. Kh2 Ne2 23. a3 Na6 24. Re1 b5 25. Rxe2 b4
26. Rc6 Nc5 27. Rxc5 dxc5 28. axb4 cxb4 29. Nc4 g5 30. Nxe5 Kh6 31. Ng4+
Kh5 32. Rf2 Kg6 33. e5 a5 34. e6 a4 35. e7 a3 36. e8=Q+ Kh7 37. Nf6+ Kh6
38. Qh5# { Black checkmated } 1-0

[Event "ICC tourney 2361 (30 5)"]
[Site "Internet Chess Club"]
[Date "2021.01.31"]
[Round "4"]
[White "ReadyPlayer1"]
[Black "elliephuy"]
[Result "0-1"]
[ICCResult "White checkmated"]
[WhiteElo "650"]
[BlackElo "942"]
[Opening "Queen's bishop game"]
[ECO "D00"]
[NIC "QP.08"]
[Time "16:00:10"]
[PlyCount "54"]
[TimeControl "1800+5"]

1. d4 d5 2. Bf4 Nf6 3. Nf3 Bf5 4. e3 Nc6 5. Nc3 e6 6. a3 Bd6 7. Bb5 O-O 8.
Bg5 Be7 9. Bxf6 Bxf6 10. Qd2 Qd6 11. O-O-O a6 12. Bd3 Bg6 13. h4 Bxd3 14.
Qxd3 Na5 15. e4 Nc4 16. e5 Qb6 17. b3 Be7 18. bxc4 Bxa3+ 19. Kd2 c6 20. c5
Qa5 21. Ng5 g6 22. h5 Bb4 23. hxg6 fxg6 24. Rxh7 Bxc3+ 25. Qxc3 Rxf2+ 26.
Kd3 Qb5+ 27. Ke3 Qe2# { White checkmated } 0-1

[Event "ICC tourney 2361 (30 5)"]
[Site "Internet Chess Club"]
[Date "2021.01.31"]
[Round "4"]
[White "IGMin2023"]
[Black "vincentyu"]
[Result "0-1"]
[ICCResult "White checkmated"]
[WhiteElo "956"]
[BlackElo "199"]
[Opening "Sicilian: Najdorf, Lipnitzky attack"]
[ECO "B86"]
[NIC "SI.13"]
[Time "16:01:00"]
[PlyCount "64"]
[TimeControl "1800+5"]

1. e4 c5 2. Nf3 d6 3. d4 cxd4 4. Nxd4 Nf6 5. Nc3 a6 6. Bc4 e6 7. Nf3 e5 8.
Bg5 Be7 9. O-O O-O 10. Qd2 Nc6 11. Nd5 Bg4 12. Nxf6+ Bxf6 13. Bxf6 Qxf6 14.
Ne1 Qg6 15. Qe3 b5 16. Bd5 Rac8 17. Nd3 Nd4 18. c3 Nc2 19. Qc1 Nxa1 20.
Qxa1 Bf3 21. Ne1 Be2 22. Qc1 Bxf1 23. Kxf1 b4 24. Qe3 bxc3 25. bxc3 Qh6 26.
Qd3 Qxh2 27. Bb7 Rb8 28. Bxa6 Qh1+ 29. Ke2 Rb2+ 30. Nc2 Qc1 31. Kf3 Rxc2
32. Bb5 Qf4# { White checkmated } 0-1

[Event "ICC tourney 2361 (30 5)"]
[Site "Internet Chess Club"]
[Date "2021.01.31"]
[Round "4"]
[White "AtmanDev"]
[Black "MilesStringer"]
[Result "0-1"]
[ICCResult "White checkmated"]
[WhiteElo "704"]
[BlackElo "929"]
[Opening "QGD Slav defense"]
[ECO "D13"]
[NIC "SL.01"]
[Time "16:01:04"]
[PlyCount "130"]
[TimeControl "1800+5"]

1. d4 d5 2. c4 c6 3. Nc3 Nf6 4. cxd5 cxd5 5. Nf3 Nc6 6. Bg5 Be6 7. e3 Rc8
8. Bd3 g6 9. O-O Bg7 10. e4 O-O 11. e5 Ne8 12. Qd2 f6 13. exf6 exf6 14. Bh6
Nd6 15. Rfe1 Re8 16. Re3 Bxh6 17. Rae1 Bxe3 18. Qxe3 Bf5 19. Qd2 Rxe1+ 20.
Nxe1 Bxd3 21. Nxd3 Nxd4 22. Nf4 N4f5 23. Qxd5+ Kh8 24. h3 Ne7 25. Qf7 Nxf7
26. Ne6 Qd6 27. Ng5 fxg5 28. Ne2 Ng8 29. Nc3 Re8 30. g3 Re1+ 31. Kg2 Qc6+
32. f3 Qxc3 33. bxc3 Rc1 34. Kf2 Rxc3 35. Ke2 b5 36. Kf2 b4 37. Ke2 b3 38.
axb3 Rxb3 39. Kd2 a5 40. Kc2 a4 41. Kd2 a3 42. Kc2 Rb2+ 43. Kc1 Rh2 44. Kb1
Rxh3 45. Ka2 Rxg3 46. Kxa3 Rxf3+ 47. Kb4 g4 48. Kc4 g3 49. Kd4 g2 50. Ke4
g1=Q 51. Kxf3 Qf1+ 52. Ke3 Qh3+ 53. Kd4 Qg3 54. Ke4 Qe5+ 55. Kd3 Ng5 56.
Kd2 Nf3+ 57. Kd3 Nd2 58. Kxd2 Qg3 59. Kc2 Qe3 60. Kb2 g5 61. Ka2 g4 62. Kb2
g3 63. Kc2 g2 64. Kd1 Qf2 65. Kc1 g1=Q# { White checkmated } 0-1

[Event "ICC tourney 2361 (30 5)"]
[Site "Internet Chess Club"]
[Date "2021.01.31"]
[Round "4"]
[White "TristanS"]
[Black "Ved166"]
[Result "0-1"]
[ICCResult "White checkmated"]
[WhiteElo "734"]
[BlackElo "958"]
[Opening "Queen's pawn game"]
[ECO "A46"]
[NIC "QP.06"]
[Time "16:00:11"]
[PlyCount "110"]
[TimeControl "1800+5"]

1. d4 Nf6 2. Nf3 d6 3. e3 g6 4. Bd3 Bg7 5. O-O O-O 6. Nc3 Nc6 7. e4 d5 8.
e5 Nd7 9. Nxd5 f6 10. exf6 Nxf6 11. Nxf6+ Bxf6 12. Re1 Nxd4 13. Be3 Nxf3+
14. Qxf3 Bxb2 15. Rab1 Rxf3 16. gxf3 Bf6 17. Bh6 Bg7 18. Bc4+ Kh8 19. Bxg7+
Kxg7 20. Rbd1 Qe8 21. Re2 c6 22. Rde1 Kf8 23. Re4 Bf5 24. Re5 b5 25. Bf1
Bxc2 26. Rc1 Bf5 27. Rxc6 Qxc6 28. Bxb5 Qc1+ 29. Kg2 Rb8 30. Bf1 Qc3 31.
Re3 Qd4 32. Kg3 g5 33. h3 Qf4+ 34. Kg2 Qh4 35. Re5 Qxh3+ 36. Kg1 Qxf3 37.
Bg2 Qd1+ 38. Kh2 Bg6 39. Ra5 Rb1 40. Rxg5 Qg1+ 41. Kg3 Be4 42. Kh3 Bxg2+
43. Rxg2 Qf1 44. Kg3 Rc1 45. f3 Rc3 46. Re2 Qxf3+ 47. Kh4 Qxe2 48. a4 Qe5
49. Kg4 Rc4+ 50. Kf3 Qc3+ 51. Ke2 Qh3 52. Kd2 Rxa4 53. Kc2 Ra2+ 54. Kb1 Rg2
55. Kc1 Qh1# { White checkmated } 0-1

[Event "ICC tourney 2361 (30 5)"]
[Site "Internet Chess Club"]
[Date "2021.01.31"]
[Round "4"]
[White "August2012"]
[Black "rishatag"]
[Result "0-1"]
[ICCResult "White checkmated"]
[WhiteElo "930"]
[BlackElo "535"]
[Opening "Giuoco Piano: Greco's attack"]
[ECO "C54"]
[NIC "IG.02"]
[Time "16:01:04"]
[PlyCount "122"]
[TimeControl "1800+5"]

1. e4 e5 2. Nf3 Nc6 3. Bc4 Bc5 4. c3 Nf6 5. d4 exd4 6. cxd4 Bb4+ 7. Nc3
Bxc3+ 8. bxc3 Nxe4 9. O-O O-O 10. Bd3 Nf6 11. d5 Nxd5 12. Bxh7+ Kxh7 13.
Ng5+ Kg8 14. Qh5 Nf6 15. Nxf7 Rxf7 16. Qe2 Qe7 17. Qe3 Qxe3 18. Bxe3 d6 19.
Rfe1 Re7 20. Rab1 b6 21. Rb5 Ba6 22. Rf5 Re5 23. Rf3 Bc4 24. h3 Bxa2 25.
Rg3 Re7 26. Ra1 Be6 27. Bd4 Nxd4 28. cxd4 Ne4 29. Re3 Bd5 30. f3 a5 31.
fxe4 Rxe4 32. Rg3 Rae8 33. Kh2 Rxd4 34. Rc1 Rc4 35. Rf1 Rf8 36. Re1 Rf2 37.
Re8+ Kf7 38. Ree3 Rcc2 39. Rg4 Rxg2+ 40. Rxg2 Rxg2+ 41. Kh1 Re2+ 42. Rf3+
Bxf3+ 43. Kg1 Rg2+ 44. Kf1 Rg3 45. Kf2 Rxh3 46. Ke3 Bd5+ 47. Kd4 Rb3 48.
Kxd5 c6+ 49. Kxc6 a4 50. Kxd6 a3 51. Kd5 a2 52. Kc4 Rb1 53. Kd3 a1=Q 54.
Kc2 Qa2+ 55. Kc3 Rb3+ 56. Kc4 Qc2+ 57. Kd5 Rd3+ 58. Ke5 Qe2+ 59. Kf4 Rf3+
60. Kg5 Qg2+ 61. Kh4 Rh3# { White checkmated } 0-1

[Event "ICC tourney 2361 (30 5)"]
[Site "Internet Chess Club"]
[Date "2021.01.31"]
[Round "4"]
[White "Wolfwalker33"]
[Black "rehatag"]
[Result "1/2-1/2"]
[ICCResult "Game drawn because neither player has mating material"]
[WhiteElo "894"]
[BlackElo "625"]
[Opening "Queen's pawn, Mason variation"]
[ECO "D00"]
[NIC "QP.08"]
[Time "16:00:21"]
[PlyCount "143"]
[TimeControl "1800+5"]

1. d4 d5 2. Bf4 Nc6 3. Nf3 Bg4 4. e3 a6 5. Be2 Nf6 6. Nbd2 e6 7. Bd3 Bb4 8.
c3 Bd6 9. Bg3 O-O 10. Ne5 Bxd1 11. Nxc6 bxc6 12. Bxd6 cxd6 13. Kxd1 Qb6 14.
Kc2 Rab8 15. Rab1 c5 16. Nf3 cxd4 17. Nxd4 Ng4 18. Rbf1 Qxb2+ 19. Kd1 Nxf2+
20. Rxf2 Qxf2 21. Nf3 Qxg2 22. Rf1 Rb7 23. Ke1 Rfb8 24. Rf2 Rb1+ 25. Bxb1
Rxb1+ 26. Ke2 Qg4 27. Kd3 Qe4+ 28. Ke2 Rb2+ 29. Nd2 Qc4+ 30. Ke1 Qxc3 31.
Kd1 Qxe3 32. Re2 Qg1+ 33. Re1 Qxh2 34. Re2 Qh6 35. Kc1 Rxa2 36. Kd1 Ra1+
37. Kc2 Qg6+ 38. Kb2 Qf6+ 39. Kc2 Qb2+ 40. Kxb2 Ra4 41. Re3 Rd4 42. Kc3 Rh4
43. Kc2 d4 44. Rb3 g6 45. Nf3 Rf4 46. Rd3 e5 47. Nd2 a5 48. Kb3 f6 49. Ka4
h6 50. Kxa5 h5 51. Rh3 h4 52. Kb4 g5 53. Nc4 f5 54. Nxd6 e4 55. Kc4 d3 56.
Nb5 Rf3 57. Rh2 h3 58. Nd4 Re3 59. Nxf5 Rf3 60. Nd4 Rg3 61. Nf5 Rf3 62. Nd4
Rg3 63. Nb3 g4 64. Kd4 Rg2 65. Rh1 d2 66. Nxd2 Rxd2+ 67. Kxe4 g3 68. Rxh3
g2 69. Rg3+ Kf7 70. Kf3 Kf6 71. Rxg2 Rxg2 72. Kxg2 { Game drawn because
neither player has mating material } 1/2-1/2

[Event "ICC tourney 2361 (30 5)"]
[Site "Internet Chess Club"]
[Date "2021.01.31"]
[Round "4"]
[White "anayvarma"]
[Black "JWest139"]
[Result "1-0"]
[ICCResult "Black checkmated"]
[WhiteElo "877"]
[BlackElo "973"]
[Opening "French: exchange variation"]
[ECO "C01"]
[NIC "FR.01"]
[Time "16:01:01"]
[PlyCount "59"]
[TimeControl "1800+5"]

1. e4 e6 2. d4 d5 3. exd5 exd5 4. Nc3 Bb4 5. Bf4 Nf6 6. Nf3 Ne4 7. Bd2 Bxc3
8. Bxc3 Nxc3 9. bxc3 O-O 10. Bd3 Re8+ 11. Be2 Bg4 12. O-O Bxf3 13. Bxf3 Nc6
14. Rb1 b6 15. Rb5 Qd6 16. Bxd5 a6 17. Bxc6 Qxc6 18. Rg5 Re6 19. Qg4 Rg6
20. Rxg6 fxg6 21. Re1 Qxc3 22. Qe6+ Kf8 23. Qe7+ Kg8 24. Re3 Qxc2 25. Qe6+
Kf8 26. Rf3+ Qf5 27. Rxf5+ gxf5 28. Qxf5+ Kg8 29. Qd5+ Kh8 30. Qxa8# {
Black checkmated } 1-0

[Event "ICC tourney 2361 (30 5)"]
[Site "Internet Chess Club"]
[Date "2021.01.31"]
[Round "4"]
[White "LukasNH"]
[Black "Latecutehat"]
[Result "0-1"]
[ICCResult "White checkmated"]
[WhiteElo "685"]
[BlackElo "433"]
[Opening "Sicilian: Alapin's variation (2.c3)"]
[ECO "B22"]
[NIC "SI.46"]
[Time "16:00:26"]
[PlyCount "168"]
[TimeControl "1800+5"]

1. e4 c5 2. c3 Nc6 3. d4 cxd4 4. cxd4 Nf6 5. e5 Ne4 6. Bd3 d5 7. exd6 Nxd6
8. d5 Nb4 9. Qa4+ Bd7 10. Qxb4 a5 11. Qc3 Nb5 12. Bxb5 Bxb5 13. Nf3 Qxd5
14. Nbd2 e6 15. a3 Bc5 16. Nb3 Qe4+ 17. Be3 Bxe3 18. Qxe3 Qc2 19. Rc1 Qxb2
20. Rc3 f5 21. Qxe6+ Kd8 22. Qd5+ Bd7 23. Rd3 Qb1+ 24. Rd1 Qe4+ 25. Qxe4
fxe4 26. Ne5 a4 27. Nc5 Re8 28. Rxd7+ Kc8 29. Nf7 e3 30. fxe3 Rxe3+ 31. Kd2
Rxa3 32. Rc1 Ra2+ 33. Kc3 Ra3+ 34. Kb4 Re3 35. Rd4 b6 36. Na6+ Kb7 37. Nc7
Rb3+ 38. Kc4 Kxc7 39. Kd5+ Kb7 40. Ra1 a3 41. Nd6+ Kb8 42. Rd2 Rb2 43. Rxb2
axb2 44. Rb1 Ra5+ 45. Kc4 Kc7 46. Nb5+ Kc6 47. Rxb2 g6 48. Nd4+ Kd6 49.
Rxb6+ Kc7 50. Rc6+ Kb7 51. Rc5 Ra4+ 52. Kb5 Rxd4 53. Rc2 Rd5+ 54. Rc5 Rxc5+
55. Kxc5 Kc7 56. Kd5 Kd7 57. Ke5 Ke7 58. Kf4 Kf6 59. g4 g5+ 60. Kg3 h6 61.
h3 Ke5 62. Kf3 Kf6 63. Ke4 Kg6 64. Ke5 Kg7 65. Kf5 Kf7 66. Ke5 Kg6 67. Ke6
h5 68. gxh5+ Kxh5 69. Kf5 Kh6 70. Kg4 Kg6 71. Kg3 Kf5 72. Kf3 Ke5 73. Kg4
Kf6 74. Kh5 Kf5 75. h4 g4 76. Kh6 g3 77. Kg7 g2 78. h5 g1=Q+ 79. Kh6 Qg5+
80. Kh7 Qxh5+ 81. Kg7 Qg6+ 82. Kh8 Qg5 83. Kh7 Kf6 84. Kh8 Qg7# { White
checkmated } 0-1